 Dungeon Sprint DCSS version 0.30-a0-622-gddc90eaa04 (webtiles) character file.

Game seed: 17703547013123375635

543 BigDaddyOpFi the Nimble (level 10, -5/76 HPs)
             Began as an Octopode Fighter on Jan 10, 2023.
             Was a High Priest of Qazlal.
             Slain by a sixfirhy (10 damage)
             ... in the Dungeon (Sprint VI: "Thunderdome").
             The game lasted 00:05:00 (985 turns).

BigDaddyOpFi the Nimble (Octopode Fighter)           Turns: 985, Time: 00:05:00

Health: -5/76      AC:  8    Str: 32    XL:     10   Next: 1%
Magic:  8/17       EV: 19    Int: 10    God:    Qazlal [*****.]
Gold:   230        SH: 13    Dex: 18    Spells: 9/9 levels left

rFire   + + .      SeeInvis .    y - +0 broad axe (venom)
rCold   + + .      Faith    .    b - +0 buckler
rNeg    + + .      Spirit   .    (helmet restricted)
rPois   +          Reflect  .    o - amulet of Neurosis {rN+ Regen+ Dex+4}
rElec   .          Harm     .    n - ring "Xevyfe Limosch" {rPois rC+}
rCorr   +          Rampage  .    p - ring "Bilask" {rN+ Will+}
Will    ++...      NoTele   +    q - ring of Baeps {Fire rCorr Dex-2 Stlth+}
Stlth   ++                       s - ring of Notezaso {AC+4 Int+3 Dex+3}
HPRegen 1.12/turn                t - ring "Uqoliyre" {Ice Will+}
MPRegen 0.15/turn                u - ring of Gozag's Supremacy {rF+ rC+ Str+6 Int-4 Stlth+}
                                 v - ring "Feofua Miano" {Wiz rF+}
                                 w - ring of Igunuk {+Blink Str+6 Dex+2}

@: protected from physical damage, repel missiles
A: almost no armour, amphibious, 8 rings, camouflage 1, gelatinous body 1,
(nimble swimmer 1), tentacles
}: 1/15 runes: serpentine
a: Renounce Religion, Evoke Blink, Upheaval, Elemental Force, Disaster Area


You were in the Dungeon.
You worshipped Qazlal.
Qazlal was extremely pleased with you.
You visited 1 branch You collected 850 gold pieces.
You spent 620 gold pieces at shops.

Inventory:

Hand Weapons
 a - a +0 war axe
 r - a +0 shortbow
 y - a +0 broad axe of venom (weapon)
Armour
 b - a +0 buckler (worn)
Jewellery
 n - the ring "Xevyfe Limosch" (left tentacle) {rPois rC+}
   (You bought it in a shop in the Dungeon)

   [ring of protection from cold]

   rC:        It protects you from cold.
   rPois:     It protects you from poison.
 o - the amulet of Neurosis (around mantle) {rN+ Regen+ Dex+4}
   (You bought it in a shop in the Dungeon)

   [amulet of regeneration]

   Dex:       It affects your dexterity (+4).
   rN:        It protects you from negative energy.
   Regen:     It increases your rate of health regeneration.
 p - the ring "Bilask" (right tentacle) {rN+ Will+}
   (You bought it in a shop in the Dungeon)

   [ring of willpower]

   rN:        It protects you from negative energy.
   Will:      It increases your willpower.
 q - the ring of Baeps (on tentacle) {Fire rCorr Dex-2 Stlth+}
   (You bought it in a shop in the Dungeon)

   [ring of fire]

   It enhances your fire magic.
   Dex:       It affects your dexterity (-2).
   rF:        It protects you from fire.
   rC:        It makes you vulnerable to cold.
   rCorr:     It protects you from acid and corrosion.
   Stlth:     It makes you more stealthy.
 s - the ring of Notezaso (on tentacle) {AC+4 Int+3 Dex+3}
   (You bought it in a shop in the Dungeon)

   [ring of protection]

   AC:        It affects your AC (+4).
   Int:       It affects your intelligence (+3).
   Dex:       It affects your dexterity (+3).
 t - the ring "Uqoliyre" (on tentacle) {Ice Will+}
   (You bought it in a shop in the Dungeon)

   [ring of ice]

   It enhances your ice magic.
   rF:        It makes you vulnerable to fire.
   rC:        It protects you from cold.
   Will:      It increases your willpower.
 u - the ring of Gozag's Supremacy (on tentacle) {rF+ rC+ Str+6 Int-4 Stlth+}
   (You bought it in a shop in the Dungeon)

   [ring of strength]

   Str:       It affects your strength (+6).
   Int:       It affects your intelligence (-4).
   rF:        It protects you from fire.
   rC:        It protects you from cold.
   Stlth:     It makes you more stealthy.
 v - the ring "Feofua Miano" (on tentacle) {Wiz rF+}
   (You bought it in a shop in the Dungeon)

   [ring of wizardry]

   It improves your spell success rate.
   rF:        It protects you from fire.
 w - the ring of Igunuk (on tentacle) {+Blink Str+6 Dex+2}
   (You bought it in a shop in the Dungeon)

   [ring of strength]

   Str:       It affects your strength (+6).
   Dex:       It affects your dexterity (+2).
   +Blink:    It lets you blink.
Wands
 k - a wand of light (5)
 l - a wand of iceblast (5)
 x - a wand of paralysis (5)
Scrolls
 i - 3 scrolls of blinking
 m - 3 scrolls of fog
Potions
 c - a potion of might
 d - a potion of curing
 f - 4 potions of haste
 g - 2 potions of magic
 h - a potion of berserk rage
 j - a potion of resistance


   Skills:
 + Level 10.1 Fighting
 + Level 9.9 Axes
 + Level 10.2 Dodging
 + Level 10.1 Shields
 + Level 9.9 Invocations


You had 9 spell levels left.
You didn't know any spells.
Your spell library was empty.

Dungeon Overview and Level Annotations

Branches:
Dungeon (1/1)

Altars:
Cheibriados
Dithmenos
Fedhas
Gozag
Kikubaaqudgha
Makhleb
Okawaru
Qazlal
Ru
Sif Muna
Trog
Uskayaw
Vehumet
Wu Jian
Xom
Yredelemnul
Zin
The Shining One
Lugonu

Shops:
D *[??*?*:[((!!!!


Innate Abilities, Weirdness & Mutations

You cannot wear most types of armour.
You are amphibious.
You can wear up to eight rings at the same time.
Your skin changes colour to match your surroundings (Stealth+).
Your rubbery body absorbs attacks. (AC +1, EV +1)
((You are camouflaged when in or above water. (Stealth+)))
You have tentacles for arms and can constrict up to eight enemies at once.


Message History

The sixfirhy misses you.
You see here a +0 short sword.
Okay, then.
Blink to where?
Press: ? - help, Dir - move target
As you read the scroll of blinking, it crumbles to dust.
The sixfirhy completely misses you.
The hellwing swoops through the air toward you!
You block the hellwing's attack. The hellwing completely misses you.
The sixfirhy closely misses you.
Activating: Disaster Area (9% risk of failure)
Press: ? - help, Dir - look around, f - activate Nature churns violently around you!
The sixfirhy hits you but does no damage.
The hellwing is engulfed in blazing flames.
You block the hellwing's attack. x2
Okay, then.
You hit the sixfirhy but do no damage. You grab the sixfirhy.
You hit the hellwing but do no damage.
The hellwing is poisoned.
You constrict the sixfirhy.
The hellwing is engulfed in blazing flames.
You kill the hellwing!
Qazlal accepts your kill.
Your Shields skill increases to level 10!
You have reached level 10!
You feel clever.
You hit the sixfirhy.
The sixfirhy is poisoned.
The sixfirhy is lightly wounded.
You constrict the sixfirhy. The sixfirhy barely misses you.
The sixfirhy closely misses you.
You barely miss the sixfirhy.
You squeeze the sixfirhy, but do no damage.
The sixfirhy is moderately wounded.
You constrict the sixfirhy! The sixfirhy hits you!
* * * LOW HITPOINT WARNING * * *
The sixfirhy shocks you!
* * * LOW HITPOINT WARNING * * *
The sixfirhy closely misses you. You block the sixfirhy's attack. x2
The sixfirhy hits you!
You die...

##.___......###......___∩#
###∩...)....8.# #.8........∩
##.............###...........
#⌠..........###.≈.###........
#⌠..)..)....# #.<.# #))......
#⌠......)...###...###........
##.............###...........
###∩......☼38.# #.8........∩
##∩__....@.°###......_._∩#
######°8.........8.######
#⌠§...[.....[⌠#
###.........### #_....[)._#
#........_# #_......._#
#∩...)...∩# ##∩.....∩##


You could see a sixfirhy (very poisoned).

Vanquished Creatures
  An anaconda (D)
  A red devil (D)
  A hellwing (D)
  A black bear (D)
  A centaur (D)
  7 killer bees (D)
  8 orc priests (D)
  A gnoll (D)
  3 adders (D)
  3 orcs (D)
27 creatures vanquished.

Notes
Turn   | Place    | Note
-------+----------+-------------------------------------------
     0 | D        | BigDaddyOpFi the Octopode Fighter began the quest for the
                  | Orb.
     0 | D        | Reached XP level 1. HP: 16/16 MP: 1/1
     3 | D        | Found a corrupted altar of Lugonu.
     4 | D        | Found a radiant altar of Vehumet.
     5 | D        | Found a burning altar of Makhleb.
     5 | D        | Found an ancient bone altar of Kikubaaqudgha.
     5 | D        | Round 1.
     6 | D        | Found a shimmering blue altar of Sif Muna.
     6 | D        | Found Afurchie's Identification Station.
     7 | D        | Found Qamnymu's Jewellery.
     7 | D        | Found Cybrot's Advanced Armour.
    15 | D        | Bought a coiled bronze ring for 45 gold pieces
    15 | D        | Identified the ring "Xevyfe Limosch" {rPois rC+} (You
                  | bought it in a shop in the Dungeon)
    15 | D        | Bought a brightly glowing jade amulet for 45 gold pieces
    15 | D        | Identified the amulet of Neurosis {rN+ Regen+ Dex+4} (You
                  | bought it in a shop in the Dungeon)
    15 | D        | Bought an ancient copper ring for 45 gold pieces
    15 | D        | Identified the ring "Bilask" {rN+ Will+} (You bought it in
                  | a shop in the Dungeon)
    15 | D        | Bought an ancient granite ring for 45 gold pieces
    15 | D        | Identified the ring of Baeps {Fire rCorr Dex-2 Stlth+} (You
                  | bought it in a shop in the Dungeon)
    56 | D        | Noticed an orc priest
    57 | D        | Found an ornate altar of the Wu Jian Council.
    64 | D        | Killed an orc priest
    65 | D        | Reached XP level 2. HP: 22/22 MP: 2/2
    65 | D        | Reached XP level 3. HP: 27/27 MP: 3/3
    65 | D        | Found a blossoming altar of Fedhas.
    71 | D        | Found an iron altar of Okawaru.
    71 | D        | Found Ufel's Premium Goods.
    72 | D        | Found Byec Disk's Miscellaneous Merchandise.
    72 | D        | Found Huna's Basic Armour.
    73 | D        | Found a glowing golden altar of the Shining One.
    73 | D        | Found an opulent altar of Gozag.
    73 | D        | Found a shadowy altar of Dithmenos.
    73 | D        | Found Tocymop's Weapon Rack.
    77 | D        | Found a glowing silver altar of Zin.
    79 | D        | Found a bloodstained altar of Trog.
    80 | D        | Found Opno's Do-It-Yourself Clinic.
    81 | D        | Found Nafof's Bottled Wisdom.
    81 | D        | Found Tozipsen's Distillery.
    82 | D        | Found a sacrificial altar of Ru.
    82 | D        | Found a hide-covered altar of Uskayaw.
    82 | D        | Found a basalt altar of Yredelemnul.
    82 | D        | Found Nieskel's Distillery.
    86 | D        | Found a shimmering altar of Xom.
    87 | D        | Found a stormy altar of Qazlal.
    88 | D        | Found a snail-covered altar of Cheibriados.
    89 | D        | Found Fomean's Staff Store.
    90 | D        | Found Moeweguj's Magic Scroll Shop.
    90 | D        | Found Fyfot's Must-Have Magic.
    90 | D        | Found Osyp's Magic Scroll Shop.
    95 | D        | Became a worshipper of Qazlal Stormbringer
   126 | D        | Reached skill level 1 in Invocations
   126 | D        | Reached XP level 4. HP: 3/34 MP: 3/5
   128 | D        | Reached * piety under Qazlal
   128 | D        | Arena points: 12 (+12) [x2]
   180 | D        | Round 2.
   184 | D        | Noticed a centaur
   192 | D        | Killed a centaur
   193 | D        | Reached skill level 5 in Fighting
   193 | D        | Reached skill level 5 in Axes
   193 | D        | Reached skill level 5 in Dodging
   193 | D        | Reached skill level 5 in Shields
   193 | D        | Reached XP level 5. HP: 35/39 MP: 5/7
   209 | D        | Noticed a black bear
   221 | D        | Killed a black bear
   222 | D        | Reached XP level 6. HP: 38/46 MP: 7/9
   228 | D        | Reached ** piety under Qazlal
   332 | D        | Arena points: 54 (+42) [x3]
   333 | D        | Reached skill level 5 in Invocations
   363 | D        | Bought a coiled glass ring for 45 gold pieces
   363 | D        | Identified the ring of Notezaso {AC+4 Int+3 Dex+3} (You
                  | bought it in a shop in the Dungeon)
   363 | D        | Bought a coiled lead ring for 45 gold pieces
   363 | D        | Identified the ring "Uqoliyre" {Ice Will+} (You bought it
                  | in a shop in the Dungeon)
   365 | D        | Round 3.
   374 | D        | Reached *** piety under Qazlal
   465 | D        | Reached **** piety under Qazlal
   465 | D        | Arena points: 138 (+84) [x4]
   466 | D        | Reached XP level 7. HP: 54/54 MP: 11/11
   484 | D        | Bought a fine silver ring for 45 gold pieces
   484 | D        | Identified the ring of Gozag's Supremacy {rF+ rC+ Str+6
                  | Int-4 Stlth+} (You bought it in a shop in the Dungeon)
   484 | D        | Bought a fine granite ring for 45 gold pieces
   484 | D        | Identified the ring "Feofua Miano" {Wiz rF+} (You bought it
                  | in a shop in the Dungeon)
   538 | D        | Round 4.
   662 | D        | Reached ***** piety under Qazlal
   689 | D        | Arena points: 298 (+160) [x5]
   719 | D        | Round 5.
   720 | D        | Noticed a giant anaconda
   725 | D        | Noticed a naga
   735 | D        | Killed a giant anaconda
   735 | D        | Arena points: 543 (+245) [x7]
   736 | D        | Reached XP level 8. HP: 54/63 MP: 12/14
   738 | D        | Got a serpentine rune of Zot
   739 | D        | Reached XP level 9. HP: 64/70 MP: 12/16
   786 | D        | Bought a scorched ivory ring for 45 gold pieces
   786 | D        | Identified the ring of Igunuk {+Blink Str+6 Dex+2} (You
                  | bought it in a shop in the Dungeon)
   807 | D        | Bought a +0 broad axe for 120 gold pieces
   830 | D        | Bought a scroll of brand weapon for 95 gold pieces
   942 | D        | Round 6.
   943 | D        | Noticed a red devil
   952 | D        | Killed a red devil
   953 | D        | Reached skill level 10 in Fighting
   953 | D        | Reached skill level 10 in Dodging
   964 | D        | Noticed a hellwing
   971 | D        | Noticed a sixfirhy
   983 | D        | Killed a hellwing
   984 | D        | Reached skill level 10 in Shields
   984 | D        | Reached XP level 10. HP: 23/76 MP: 8/17
   985 | D        | Slain by a sixfirhy

Illustrated notes

Levels and vault maps discovered:
D:        arena_sprint

Skill      XL: |  1  2  3  4  5  6  7  8  9 |
---------------+----------------------------+-----
Fighting       | 4 5 6 7 9 10 | 10.1
Axes           | 3 4 5 6 8 9 |  9.9
Dodging        | 4 5 6 7 9 10 | 10.2
Shields        | 4 5 6 7 9 10 | 10.1
Invocations    | 1 3 4 6 8 9 |  9.9

Action                   |  1- 3 |  4- 6 |  7- 9 | 10-12 || total
-------------------------+-------+-------+-------+-------++-------
Melee: War axe           |     9 |    35 |    33 |       ||    77
       Constrict         |     4 |     8 |     7 |       ||    19
       Tentacles         |     3 |     6 |     6 |     1 ||    16
       Punch             |       |     1 |       |       ||     1
       Broad axe         |       |       |    16 |     2 ||    18
Invok: Disaster Area     |       |       |     1 |       ||     1
  Use: Potion            |       |     1 |     4 |       ||     5
       Scroll            |       |       |     2 |       ||     2
Armor: Skin              |       |     3 |    13 |       ||    16
Dodge: Dodged            |     4 |    21 |    51 |     3 ||    79
Block: Buckler           |       |    14 |    49 |     2 ||    65

Table legend: (Time is in decaauts)
 A = Elapsed time spent in this place.
 B = Non-inter-level travel time spent in this place.
 C = Inter-level travel time spent in this place.
 D = Time resting spent in this place.
 E = Time spent auto-exploring this place.
 F = Levels seen in this place.
 G = Mean time per level.
                   A        B        C        D        E       F      G
               +--------+--------+--------+--------+--------+-----+--------+
         Total |   1000 |   1000 |      0 |    255 |      0 |   1 | 1000.0 |
       Dungeon |   1000 |   1000 |      0 |    255 |      0 |   1 | 1000.0 |
               +--------+--------+--------+--------+--------+-----+--------+

Top non-repeatable levels by time:
       D: 1000 daAuts
